 Dungeon Crawl Stone Soup version 0.29-a0-553-g81b289dbe5 (webtiles) character file.

Game seed: 13709654493380246524

380 ders the Digger (level 6, -3/48 HPs)
             Began as a Gargoyle Earth Elementalist on June 6, 2022.
             Killed by divine providence
             ... invoked by an orc priest
              (13 damage)
             ... on level 4 of the Dungeon.
             The game lasted 00:05:22 (3682 turns).

ders the Digger (Gargoyle Earth Elementalist)       Turns: 3682, Time: 00:05:23

Health: -3/48      AC:  7    Str: 12    XL:     6   Next: 75%
Magic:  5/12       EV: 11    Int: 17    God:
Gold:   216        SH:  4    Dex: 10    Spells: 7/13 levels left

rFire   . . .      SeeInvis .   l - +1 hand axe (flame)
rCold   . . .      Faith    .   (no shield)
rNeg    + . .      Spirit   .   b - +0 robe
rPois   ∞          Reflect  .   (no helmet)
rElec   +          Harm     .   (no cloak)
rCorr   +          Rampage  .   k - +0 pair of gloves
Will    .....                   (no boots)
Stlth   ..........              (no amulet)
HPRegen 0.16/turn               j - ring of resist corrosion
MPRegen 0.13/turn               (no ring)

@: berserking (expiring), flying, hasted, very quick
A: sickness immunity, AC +4, negative energy resistance 1, electricity
resistance, torment resistance 1, petrification resistance, large bone plates 1,
wild magic 1
a: no special abilities


You were on level 4 of the Dungeon.
You visited 1 branch of the dungeon, and saw 4 of its levels.

You collected 216 gold pieces.

Inventory:

Hand Weapons
 l - a +1 hand axe of flaming (weapon)
Missiles
 a - 48 stones
Armour
 b - a +0 robe (worn)
 k - a +0 pair of gloves (worn)
Jewellery
 j - a ring of resist corrosion (left hand)
Scrolls
 e - 4 scrolls of magic mapping {unknown}
 f - 2 scrolls of amnesia {unknown}
 g - a scroll of blinking {unknown}
 i - a scroll of immolation {unknown}
 n - a scroll of identify {unknown}
 q - 2 scrolls of teleportation {unknown}
Potions
 c - a potion of magic
 m - 2 potions of mutation
 p - a potion of heal wounds {unknown}


   Skills:
 - Level 1.5 Dodging
 - Level 2.1 Stealth
 + Level 4.0 Spellcasting
 + Level 3.9 Conjurations
 - Level 0.7 Transmutations
 + Level 5.9 Earth Magic


You had 7 spell levels left.
You knew the following spells:

 Your Spells              Type           Power      Damage    Failure   Level
a - Sandblast             Erth           60%        2d14      2%          1
b - Stone Arrow           Conj/Erth      52%        3d10      10%         3
c - Passwall              Tmut/Erth      15%        N/A       10%         2

Your spell library contained the following spells:

 Spells                   Type           Power      Damage    Failure   Level
 Apportation              Tloc           8%         N/A       22%         1
 Wereblood                Tmut           7%         N/A       26%         2
 Petrify                  Tmut/Erth      19%        N/A       47%         4
 Alistair's Intoxication  Tmut/Pois      4%         N/A       99%         5
 Summon Hydra             Summ           2%         N/A       100%        7
 Sublimation of Blood     Necr           Unusable   N/A       N/A         2

Dungeon Overview and Level Annotations

Branches:
Dungeon (4/15)
 Temple: D:4-7

Altars:


Innate Abilities, Weirdness & Mutations

You are immune to sickness and miasma.
Your stone body is resilient. (AC +4)
You are immune to poison.
You resist negative energy. (rN+)
You are resistant to electric shocks. (rElec)
You are resistant to unholy torment.
You are immune to petrification.
You are partially covered in large bone plates. (SH +4)
Your spells are a little harder to cast, but a little more powerful.


Message History

The puff of flame hits you!
You hear a shout!
You are confused.
You're too confused to cast spells.
Unknown command.
You bump into the rock wall.
You're too confused to cast spells.
Unknown command.
It was a potion of mutation.
You feel extremely strange.
You feel less in control of your magic.
Large bone plates grow over parts of your arms.
Something hits you but does no damage.
It was a potion of flight.
You feel very buoyant.
You fly up into the air.
Something hits you.
It was a potion of haste.
You feel yourself speed up. Something hits you.
It was a potion of berserk rage.
A red film seems to cover your vision as you go berserk!
You feel yourself moving faster!
You feel mighty!
You bump into the rock wall.
You feel a strong urge to attack something.
You feel less confused. Something hits you but does no damage.
The orc priest hits you with a +0 hand axe.
You closely miss the orc priest. You hit something. You burn something.
Something hits you.
The orc priest hits you but does no damage.
You slash the orc priest! You burn the orc priest.
The orc priest is almost dead.
You hit something. You burn something. You closely miss the orc priest.
The orc priest is almost dead.
You miss something.
You hear some strange, mumbled words.
A puff of flame appears from out of thin air!
The puff of flame hits you!
* * * LOW HITPOINT WARNING * * *
The orc priest mumbles some strange prayers to Beogh against you.
Beogh smites you!
You die...

†.#######.#.# #.#
#####.....#.# #.#
..........'.# #.#
#.###.....#'#########)##
#.<##.............##...####
##.##.....................#
#.##..........####.......#
#..###'###...##{o{...)...+
##.###.# #...##@##.......#
###..##.# #...##.##..o....#
........# #...##.##....{..#
.###..### #.####.##.......#
##.# #.# #.##.......# #.#
#.####.##.......## ...
........).#........ ...#
##.####.#.#o######## ....#
#.#.#o#


You could see an orc priest.

Vanquished Creatures
  Sigmund (D:2)
  2 orc priests
  2 orc wizards
  3 adders
  A worm (D:2)
  2 dart slugs (D:2)
  17 orcs
  3 endoplasms
  A giant cockroach (D:4)
  7 goblins
  4 hobgoblins
  4 jackals (D:2)
  6 kobolds
  3 quokkas
  4 ball pythons
  5 bats
  5 frilled lizards (D:3)
  5 rats
75 creatures vanquished.

Notes
Turn   | Place    | Note
-------+----------+-------------------------------------------
     0 | D:1      | ders the Gargoyle Earth Elementalist began the quest for
                  | the Orb.
     0 | D:1      | Reached XP level 1. HP: 10/10 MP: 3/3
   245 | D:1      | Reached XP level 2. HP: 15/15 MP: 1/5
   246 | D:1      | Reached skill level 1 in Conjurations
   334 | D:1      | Found a faded altar of an unknown god.
   450 | D:1      | Reached skill level 4 in Earth Magic
   764 | D:2      | Reached XP level 3. HP: 19/19 MP: 3/6
   809 | D:2      | Learned a level 3 spell: Stone Arrow
  1611 | D:2      | Noticed Sigmund
  1618 | D:2      | Killed Sigmund
  1619 | D:2      | Reached skill level 5 in Earth Magic
  1619 | D:2      | Reached XP level 4. HP: 24/24 MP: 0/9
  1619 | D:2      | Reached XP level 5. HP: 28/28 MP: 0/10
  1867 | D:3      | Reached XP level 6. HP: 18/32 MP: 8/11
  2451 | D:3      | Learned a level 2 spell: Passwall
  3675 | D:4      | Gained mutation: Your spells are a little harder to cast,
                  | but a little more powerful. [potion of mutation]
  3675 | D:4      | Gained mutation: You are partially covered in large bone
                  | plates. (SH +4) [potion of mutation]
  3682 | D:4      | Killed from afar by an orc priest

Illustrated notes

Levels and vault maps discovered:
D:1:      lemuel_arrival_muddy, layout_rooms, ebering_ecumenical_altar_box
D:2:      layout_basic, serial_glass, glass_columns_b, glass_columns_b,
          minmay_strange_pillars, feat_on_display, uniq_sigmund
D:3:      layout_loops_cross
D:4:      layout_basic, gammafunk_ghost_arena, minmay_starry_boxes, uniq_pikel,
          uniq_menkaure, uniq_eustachio

Skill      XL: |  1  2  3  4  5  6 |
---------------+-------------------+-----
Conjurations   | 1 3 |  3.9
Earth Magic    | 4 5 |  5.9
Spellcasting   | 3 4 |  4.0
Dodging        | |  1.5
Stealth        | |  2.1
Transmutations | |  0.7

Action                   |  1- 3 |  4- 6 || total
-------------------------+-------+-------++-------
Melee: Dagger            |     2 |       ||     2
       Hand axe          |     9 |    30 ||    39
 Cast: Sandblast         |    43 |    33 ||    76
       Stone Arrow       |     4 |    22 ||    26
  Use: Potion            |       |     4 ||     4
Armor: Robe              |    13 |    19 ||    32
Dodge: Dodged            |    18 |    28 ||    46

Table legend: (Time is in decaauts)
 A = Elapsed time spent in this place.
 B = Non-inter-level travel time spent in this place.
 C = Inter-level travel time spent in this place.
 D = Time resting spent in this place.
 E = Time spent auto-exploring this place.
 F = Levels seen in this place.
 G = Mean time per level.
                   A        B        C        D        E       F      G
               +--------+--------+--------+--------+--------+-----+--------+
         Total |   3691 |   3545 |    146 |    724 |   2334 |   4 |  922.8 |
       Dungeon |   3691 |   3545 |    146 |    724 |   2334 |   4 |  922.8 |
               +--------+--------+--------+--------+--------+-----+--------+

Top non-repeatable levels by time:
     D:3: 1494 daAuts
     D:2: 1196 daAuts
     D:1: 672 daAuts
     D:4: 327 daAuts
